Map: Acropolis LE

Players

Sarcophagus - Winner!

  • Race: Protoss Protoss
  • Spawn Location: 5:00

TiPtOP

  • Race: Terran Terran
  • League: Silver
  • Spawn Location: 11:00

VOD

Have the link to the VOD?

Description

Time

  • Played on: Aug. 18, 2019, 8:53 p.m.
  • Length: 21:39
Show
View Real Time Build Order
Export as new Build Order

Sarcophagus Protoss - Winner!

Build Orders:  

Get SALT Encoding   

  12  0:00  Probe  
  13  0:09  Probe  
  14  0:19  Probe  
  14  0:20  Pylon  
  15  0:38  Probe  
  15  0:39  Gateway  
  16  0:51  Probe  
  16  0:56  Assimilator  
  17  1:03  Probe  
  18  1:13  Probe  
  19  1:21  Probe  
  20  1:28  Cybernetics Core  
  20  1:29  Probe  
  20  1:31  Pylon  
  21  1:41  Probe  
  22  1:49  Assimilator  
  22  1:53  Probe  
  23  2:03  Gateway  
  23  2:05  Probe  
  23  2:06  Warp Gate  
  23  2:07  Stalker  
  26  2:17  Probe  
  27  2:36  Nexus  
  27  2:41  Pylon  
  27  2:48  Pylon  
  27  2:53  Sentry  
  27  2:55  Stalker  
  31  3:08  Probe  
  32  3:13  Gateway  
  32  3:20  Probe  
  33  3:33  Probe  
  33  3:39  Assimilator  
  34  3:41  Probe  
  35  3:51  Probe  
  35  3:52  Pylon  
  36  3:56  Robotics Facility  
  36  3:57  Probe  
  36  4:00  Probe  
  37  4:03  Pylon  
  37  4:05  Probe  
  39  4:12  Gateway  
  39  4:14  Probe  
  40  4:26  Shield Battery  
  40  4:27  Assimilator  
  40  4:28  Sentry  
  42  4:39  Gateway  
  42  4:42  Warp Prism  
  44  4:56  Stalker x3  
  50  5:05  Probe  
  51  5:07  Probe  
  52  5:16  Pylon, Gateway  
  52  5:17  Probe  
  52  5:20  Probe  
  50  5:54  Stalker  
  50  5:55  Stalker x2  
  50  5:56  Stalker  
  54  6:04  Probe  
  54  6:05  Probe  
  54  6:10  Shield Battery  
  56  6:14  Gateway  
  56  6:16  Probe, Forge, Gateway  
  56  6:17  Probe  
  58  6:27  Zealot x2  
  58  6:29  Probe  
  61  6:52  Stalker  
  61  6:53  Stalker  
  65  6:57  Twilight Council  
  65  6:58  Protoss Ground Weapons Level 1  
  65  7:06  Pylon  
  65  7:10  Sentry  
  65  7:13  Photon Cannon  
  67  7:15  Pylon  
  67  7:23  Observer  
  67  7:25  Stargate  
  67  7:26  Pylon  
  68  7:40  Probe x2  
  68  7:41  Nexus, Observer  
  68  7:43  Pylon  
  70  7:47  Pylon  
  71  7:52  Probe x2  
  73  8:04  Probe  
  74  8:15  Photon Cannon  
  74  8:16  Probe  
  74  8:19  Shield Battery  
  75  8:24  Photon Cannon  
  75  8:27  Assimilator  
  75  8:28  Probe  
  75  8:32  Gateway  
  76  8:35  Pylon  
  68  9:03  Stalker x4  
  74  9:34  Blink  
  72  9:48  Templar Archives, Dark Shrine  
  72  9:50  Pylon  
  72  9:52  Forge  
  70  9:59  Probe  
  71  10:07  Assimilator  
  71  10:09  Photon Cannon, Shield Battery  
  71  10:10  Probe  
  71  10:14  Probe x2  
  74  10:15  Gateway  
  74  10:17  Gateway  
  74  10:20  Observer  
  74  10:24  Observer  
  74  10:26  Probe x2  
  76  10:29  Nexus  
  76  10:30  Pylon  
  76  10:31  Sentry  
  76  10:32  Sentry  
  76  10:33  Pylon  
  80  10:37  Assimilator  
  80  10:43  Assimilator  
  80  10:48  Observer  
  81  10:59  Pylon  
  81  11:09  Observer  
  82  11:13  High Templar  
  82  11:14  High Templar x2  
  82  11:15  High Templar  
  82  11:18  Archon  
  90  11:20  Archon  
  90  11:22  Pylon  
  90  11:24  High Templar x2  
  90  11:25  Charge  
  94  11:28  Archon  
  94  11:36  Robotics Bay  
  94  11:38  Psionic Storm, Fleet Beacon  
  94  11:40  Protoss Ground Weapons Level 2, Pylon  
  94  11:49  Shadow Stride  
  94  11:50  Forge  
  94  11:52  Cybernetics Core  
  94  12:13  High Templar x3  
  94  12:14  High Templar  
  102  12:24  Archon  
  102  12:25  Archon  
  102  12:30  Probe  
  102  12:31  Probe x3  
  106  12:38  Probe  
  106  12:43  Probe x3  
  94  12:52  Zealot x4  
  94  12:53  Zealot x6  
  100  12:59  Tempest  
  100  13:02  Stargate  
  100  13:04  Resonating Glaives, Stargate  
  76  13:06  Stargate  
  78  13:16  Stargate  
  78  13:18  Stargate  
  78  13:23  Protoss Ground Armor Level 1, Protoss Shields Level 1  
  78  13:35  Stalker x3  
  78  13:36  Stalker x5  
  78  13:37  Stalker x2  
  78  13:39  Protoss Air Armor Level 1, Protoss Air Weapons Level 1  
  98  13:54  Tempest  
  98  13:55  Tempest x3  
  118  14:01  Pylon x2  
  118  14:19  Zealot x4  
  124  14:38  Stalker x4  
  123  14:52  Tempest  
  110  15:06  Zealot x2  
  96  15:07  Stalker x4  
  96  15:08  Stalker x4  
  88  15:28  Dark Templar  
  88  15:29  Dark Templar  
  88  15:31  Dark Templar x3  
  88  15:32  Dark Templar x5  
  84  15:54  Protoss Ground Armor Level 2, Protoss Ground Weapons Level 3  
  84  16:05  Robotics Facility  
  83  16:20  Nexus  
  83  16:30  Nexus  
  81  16:33  Assimilator  
  81  16:38  Assimilator  
  80  16:40  Pylon  
  76  17:50  Observer  
  76  17:53  Stargate  
  76  17:55  Stargate  
  76  17:56  Stargate  
  76  17:57  Stargate  
  74  17:59  Stargate  
  74  18:07  Probe  
  74  18:08  Probe x2  
  74  18:09  Probe  
  65  18:15  Gravitic Drive  
  65  18:17  Tempest  
  70  18:21  Probe  
  71  18:27  Protoss Air Weapons Level 2  
  71  18:28  Warp Prism  
  71  18:33  Probe  
  74  18:37  Protoss Air Armor Level 2  
  74  18:38  Pylon  
  74  18:41  Pylon  
  74  18:43  Dark Templar x3  
  74  18:44  Photon Cannon  
  80  18:50  Tempest  
  80  18:51  Tempest x2  
  80  18:54  Tempest  
  100  19:34  Tempest x3  
  100  19:36  Tempest  
  100  19:37  Nexus  
  120  19:38  Assimilator  
  120  19:41  Assimilator  
  120  19:50  Sentry  
  122  20:11  Tempest x2  
  122  20:12  Nexus  
  130  20:14  Pylon  
  130  20:16  Assimilator x2  
  130  20:19  Pylon  
  130  20:45  Tempest  
  130  20:46  Tempest  
  130  20:47  Tempest  
Show
View Real Time Build Order
Export as new Build Order

TiPtOP Terran 

Build Orders: Mech 

Get SALT Encoding   

  12  0:00  SCV  
  13  0:13  SCV  
  14  0:18  Supply Depot  
  14  0:25  SCV  
  15  0:40  SCV  
  16  0:44  Barracks  
  16  0:50  Refinery  
  16  0:52  SCV  
  17  1:04  SCV  
  18  1:16  SCV  
  19  1:22  Supply Depot  
  20  1:35  Marine, Orbital Command  
  20  1:53  Factory  
  20  2:00  SCV  
  20  2:01  Refinery  
  21  2:10  Barracks Tech Lab  
  21  2:12  SCV  
  22  2:25  Command Center  
  22  2:52  Supply Depot  
  22  2:53  Engineering Bay  
  22  2:56  SCV  
  22  3:08  SCV  
  23  3:22  Siege Tank  
  26  3:32  Bunker  
  26  3:34  Marine  
  25  3:38  SCV  
  25  3:39  Orbital Command  
  27  3:45  Missile Turret  
  27  3:50  SCV  
  27  3:54  Supply Depot  
  28  4:02  Siege Tank  
  31  4:09  Supply Depot  
  31  4:20  Factory  
  31  4:25  SCV  
  32  4:33  Orbital Command  
  32  4:53  Siege Tank  
  35  5:00  SCV  
  35  5:02  SCV  
  35  5:07  Factory Reactor  
  37  5:12  SCV  
  37  5:13  Factory  
  37  5:14  SCV  
  39  5:19  Command Center  
  39  5:24  SCV  
  39  5:26  SCV  
  38  5:38  SCV  
  36  5:50  SCV  
  37  5:57  Hellion  
  37  5:58  Hellion  
  37  6:00  Hellion  
  37  6:02  Hellion, SCV  
  43  6:09  SCV  
  42  6:14  Marine  
  43  6:21  SCV  
  43  6:22  Hellion  
  46  6:32  Marine  
  37  6:47  Factory Tech Lab  
  37  6:48  Factory Tech Lab  
  30  6:55  Supply Depot  
  30  6:56  Orbital Command  
  30  7:10  Missile Turret  
  30  7:14  SCV  
  31  7:23  Armory  
  31  7:24  Siege Tank x2  
  31  7:26  SCV  
  38  7:32  SCV  
  39  7:38  SCV  
  40  7:44  SCV  
  40  7:49  Orbital Command  
  41  7:56  Siege Tank  
  44  8:03  Orbital Command  
  44  8:39  SCV  
  44  8:40  SCV  
  43  8:52  SCV x2  
  42  9:05  Hellbat x4  
  41  9:40  Thor x2, Hellbat x2  
  48  10:01  Hellbat x2  
  48  10:06  Orbital Command  
  52  10:23  Thor, Hellbat x2  
  62  10:38  Supply Depot  
  62  10:39  Supply Depot  
  62  10:41  Supply Depot  
  62  10:44  Supply Depot  
  62  10:48  Command Center  
  62  11:00  Thor, Hellbat  
  62  11:01  Orbital Command  
  70  11:06  Thor  
  76  11:21  Terran Vehicle Weapons Level 1  
  76  11:29  Missile Turret  
  76  11:37  Hellbat x2  
  80  11:42  Thor  
  86  11:49  Thor  
  92  11:55  SCV  
  92  12:00  Hellbat  
  95  12:11  Refinery  
  95  12:14  Refinery  
  95  12:21  Supply Depot  
  95  12:22  Supply Depot  
  95  12:25  Thor  
  87  13:04  Hellion x3  
  93  13:09  Hellion  
  93  13:12  SCV x2  
  97  13:21  Hellion x4  
  99  13:27  Hellbat x3  
  99  13:30  Orbital Command  
  103  13:41  Hellbat  
  107  13:48  Hellbat  
  107  13:49  Hellbat  
  109  14:07  SCV  
  111  14:10  SCV x2  
  112  14:19  SCV  
  112  14:20  Hellion x6  
  112  14:21  Supply Depot  
  112  14:22  SCV  
  108  14:27  Supply Depot x2  
  108  14:28  Supply Depot  
  108  14:29  Supply Depot  
  108  14:31  SCV  
  77  15:40  Thor x2  
  77  15:41  Hellbat x2  
  89  15:43  SCV  
  89  15:48  Refinery  
  89  15:49  Refinery  
  60  15:52  SCV x2  
  60  15:54  Missile Turret  
  60  15:55  SCV  
  63  16:03  Hellbat, Supply Depot  
  65  16:04  SCV  
  65  16:06  Supply Depot  
  65  16:07  Supply Depot  
  65  16:08  SCV  
  65  16:14  Missile Turret  
  58  16:20  SCV  
  58  16:23  Thor x2  
  71  16:28  Missile Turret  
  65  16:49  Hellbat x2  
  69  17:06  Hellbat  
  71  17:55  Command Center  
  63  18:54  Command Center  
  63  19:18  Barracks  
  62  19:34  Missile Turret  
  61  20:30  Missile Turret  
  61  20:32  Missile Turret  
  61  20:35  Missile Turret  
  61  20:36  Missile Turret  
  61  20:46  Thor x2  
  61  20:56  Refinery  
  60  21:05  Missile Turret  
  48  21:26  Missile Turret  
Tags
 
Composition
Mech
League
Silver
Matchup
PvT
Spawn Locations
Cross Positions
Add a new tag
Caveats
  • Supply blocks, unpowered buildings, or Contaminate may cause inaccurate times.
  • Supply counts are checked every 10 seconds.